 Dungeon Crawl Stone Soup version 0.31-a0-8-gd14b0f4ee2 (console) character file.

Game seed: 15665611414352225297

88 petzl the Sneak (level 4, 0/35 HPs)
             Began as a Formicid Delver on May 6, 2023.
             Slain by a bullfrog (5 damage)
             ... in a sewer.
             The game lasted 00:10:45 (1208 turns).

petzl the Sneak (Formicid Delver)                   Turns: 1208, Time: 00:10:46

Health: 0/35       AC:  3    Str: 16    XL:     4   Next: 81%
Magic:  10/10      EV: 12    Int: 12    God:
Gold:   54         SH:  0    Dex: 15    Spells: 11/11 levels left

rFire   . . .        e - +5 lajatang
rCold   . . .        (no shield)
rNeg    . . .        b - +0 leather armour
rPois   .            (helmet unavailable)
rElec   .            (no cloak)
rCorr   .            (no gloves)
SInv    +            (no boots)
Will    .....        (no amulet)
Stlth   +++          (no ring)
HPRegen 0.25/turn    (no ring)
MPRegen 0.12/turn

%: no passive effects
@: no status effects
A: permanent stasis, dig shafts and tunnels, antennae 3, four strong arms
a: Dig


You were in a sewer.
You visited 1 branch of the dungeon, and saw 5 of its levels.
You also visited: Sewer.

You collected 54 gold pieces.

Inventory:

Hand Weapons
 a - a +0 mace
 e - a +5 lajatang (weapon)
 i - a +0 lajatang
Armour
 b - a +0 leather armour (worn)
Wands
 f - a wand of digging (3)
Scrolls
 c - 2 scrolls of fog
 d - a scroll of magic mapping
 g - a scroll of vulnerability {unknown}
 j - a scroll of amnesia {unknown}
 k - a scroll of identify {unknown}
Potions
 h - a potion of invisibility {unknown}
 m - a potion of ambrosia {unknown}


   Skills:
 - Level 3.2 Fighting
 - Level 2.0 Maces & Flails
 - Level 1.7 Dodging
 - Level 6.0 Stealth
 + Level 4.0 Spellcasting


You had 11 spell levels left.
You didn't know any spells.
Your spell library contained the following spells:

 Spells                   Type           Power      Damage    Failure   Level
 Lesser Beckoning         Tloc           4%         N/A       38%         2
 Gell's Gravitas          Tloc           2%         N/A       63%         3
 Portal Projectile        Hex/Tloc       4%         N/A       63%         3
 Teleport Other           Tloc           2%         N/A       63%         3
 Tukima's Dance           Hex            2%         N/A       63%         3
 Blade Hands              Tmut           1%         N/A       100%        5


Dungeon Overview and Level Annotations

Branches:
Dungeon (6/15)              Sewer (1/1)
 Temple: D:4-7

Altars:
Hepliaklqana

Shops:
D:4 *

Annotations:
D:3 exclusions: ball python and water moccasin
D:5 exclusion: downstairs Sewer exclusion: sensed monster (detected)


Innate Abilities, Weirdness & Mutations

You cannot be hasted, slowed, berserked, paralysed or teleported.
You can dig through walls and to a lower floor.
You have a pair of large antennae on your head. (SInv)
Your four strong arms can wield two-handed weapons with a shield.


Message History

Item here: 4 stones.
The floor.
Unknown command.
The bullfrog closely misses you.
You see here a +5 lajatang.
e - a +5 lajatang The bullfrog barely misses you. x2
e - a +5 lajatang (weapon)
You enter the shallow water.
Moving in this stuff is going to be slow.
The bullfrog hits you. The bullfrog hits you!
The bullfrog attacks as you move away! The bullfrog hits you!
The bullfrog hits you.
The bullfrog hits you but does no damage.
The bullfrog misses you. The bullfrog hits you.
You closely miss the bullfrog. The bullfrog closely misses you.
The bullfrog completely misses you. The bullfrog closely misses you.
Okay, then.
Unknown command.
Unknown command.
Unknown command.
Okay, then.
You feel better. The bullfrog misses you. The bullfrog hits you.
The bullfrog hits you but does no damage.
You hit the bullfrog.
The bullfrog is lightly wounded.
The bullfrog closely misses you. The bullfrog hits you!
The bullfrog hits you but does no damage.
The bullfrog barely misses you.
You slash the bullfrog!
The bullfrog is severely wounded.
The bullfrog barely misses you. The bullfrog hits you.
* * * LOW HITPOINT WARNING * * *
The bullfrog closely misses you. The bullfrog hits you.
* * * LOW HITPOINT WARNING * * *
You closely miss the bullfrog.
The bullfrog is severely wounded.
The bullfrog barely misses you. The bullfrog closely misses you. x2
The bullfrog hits you.
You die...

#######################
##.....~~~~..†~~.......#
#..~~~~~~~~~~†~~~~~~~~.#
#.~~≈≈≈≈≈≈≈≈≈≈≈≈≈≈≈≈≈~.#
#.~≈≈~~~~~~~~≈≈≈≈≈~≈~†~#
#.~≈~~..~†~~≈≈≈≈≈~.~~~.#
#.~≈~.~~~~≈~≈≈########~#
#.~≈~.≈≈≈≈≈≈~≈≈## #.#
#.~≈~~≈≈≈≈≈~≈≈≈≈# #.#
#.~≈≈~≈≈≈≈~≈≈≈~≈## #~#
#.~≈≈~≈≈≈~≈≈~~~≈≈# #~#
#.~≈≈~≈≈~~≈.~.∩~≈# #~#
#.~≈~≈~≈~~....~≈≈## #~#
#.~≈~≈~≈~~~~@.≈≈≈≈# #.# ###
#.~≈≈~≈≈~~~FF≈≈≈≈≈# #.# #.#
#.~≈~≈≈≈≈~~$.≈≈≈≈≈# #.# #∩#
#.~≈~~≈≈≈~?[(.≈≈≈≈# #.# #.#
#.~≈~~≈≈≈≈~$.~≈≈≈≈# #.# #∩#
#.~≈~.≈≈≈≈≈.~~≈≈≈≈# #.# #.#
#.~≈~.≈≈≈≈≈≈~≈≈≈≈## #.# #.#
#.~≈~.≈~≈≈≈≈≈≈≈≈≈# #.#
##~###.~≈~.~≈~≈≈≈≈≈≈≈≈# #.#
#.†.##.~≈~.#≈≈≈≈≈≈≈≈≈## #.#
#.~~##.~≈~.#≈≈≈≈≈≈≈≈ #.#
#.~~##.~≈~.###≈≈≈≈F# #.#
#.~~##.†≈~.# ###### #.#
#~~~##.~≈~.# #.# #~~~##~~≈~~#
#.#
#~~~##~~≈~.################.#
..~~~~~~≈~.~~...~~~~.~~†....#
.~~~~~~~≈~~~~~~~~~~~~~~~~~~.#
.~≈≈≈≈≈≈≈≈≈≈≈≈≈≈≈≈≈≈≈≈≈≈≈≈~.#


You could see 2 bullfrogs.

Vanquished Creatures
  An iguana (D:4)
  2 adders (Sewer)
  2 worms (D:3)
  An orc (D:3)
  6 ball pythons
  2 bats (D:3)
  An endoplasm (D:3)
  5 giant cockroaches (Sewer)
  A goblin (D:4)
  4 hobgoblins
  4 jackals (D:3)
  A quokka (Sewer)
  4 frilled lizards (Sewer)
  2 rats
36 creatures vanquished.

Notes
Turn   | Place    | Note
-------+----------+-------------------------------------------
     0 | D:5      | petzl the Formicid Delver began the quest for the Orb.
     0 | D:5      | Reached XP level 1. HP: 18/18 MP: 1/1
    25 | D:5      | Noticed a scorpion
    47 | D:6      | Noticed an ogre
   207 | D:4      | Found Vuenyone's Elemental Accessories.
   211 | D:4      | Noticed an iguana
   230 | D:4      | Noticed a hound
   253 | D:4      | Killed an iguana
   254 | D:4      | Reached XP level 2. HP: 9/24 MP: 2/5
   254 | D:4      | Reached XP level 3. HP: 10/29 MP: 2/7
   466 | D:3      | Noticed a water moccasin
   479 | D:3      | Found a hazy altar of Hepliaklqana.
   625 | D:3      | Noticed an ogre
   649 | D:3      | Found a glowing drain.
   713 | D:3      | Reached XP level 4. HP: 32/35 MP: 8/8
   728 | Sewer    | Entered a sewer
  1114 | Sewer    | Noticed a bullfrog
  1197 | Sewer    | Noticed a bullfrog
  1208 | Sewer    | Slain by a bullfrog

Illustrated notes

Levels and vault maps discovered:
D:2:      layout_basic, kennysheep_nub
D:3:      layout_basic, nicolae_hepliaklqana_hazy_memory,
          nicolae_uskayaw_suspiria, cheibrodos_sewer_entry_sluice, serial_shops,
          shop, minmay_bisected
D:4:      layout_cave_pools, okawaru_ov_weapons_minmay,
          mainiacjoe_overflow_small_starburst, nicolae_elemental_shop,
          minmay_manual_mail
D:5:      layout_basic, nicolae_gozag_seed_capital, minmay_temple_entry_fiery,
          abandoned_shop
D:6:      layout_basic, xom_butterflies, serial_shops, nicolae_shop_waterfront,
          hex_medium, uniq_edmund
Sewer:    sewer_frog_island_01

Skill      XL: |  1  2  3  4 |
---------------+-------------+-----
Spellcasting   | 2 3 4 |  4.0
Fighting       | |  3.2
Maces & Flails | |  2.0
Dodging        | |  1.7
Stealth        | |  6.0

Action                     |  1- 3 |  4- 6 || total
---------------------------+-------+-------++-------
  Melee: Mace              |    70 |    74 ||   144
         Punch             |     1 |       ||     1
         Lajatang          |       |     4 ||     4
    Use: Potion            |       |     2 ||     2
         Scroll            |       |     1 ||     1
   Stab: Sleeping          |     3 |     1 ||     4
 Armour: Leather armour    |    19 |    29 ||    48
  Dodge: Dodged            |    49 |    82 ||   131

Table legend: (Time is in decaauts)
 A = Elapsed time spent in this place.
 B = Non-inter-level travel time spent in this place.
 C = Inter-level travel time spent in this place.
 D = Time resting spent in this place.
 E = Time spent auto-exploring this place.
 F = Levels seen in this place.
 G = Mean time per level.
                   A        B        C        D        E       F      G
               +--------+--------+--------+--------+--------+-----+--------+
         Total |   1295 |   1295 |      0 |    251 |     30 |   6 |  215.8 |
       Dungeon |    752 |    752 |      0 |     80 |     30 |   5 |  150.4 |
         Sewer |    543 |    543 |      0 |    171 |      0 |   1 |  543.0 |
               +--------+--------+--------+--------+--------+-----+--------+

Top non-repeatable levels by time:
   Sewer: 543 daAuts
     D:4: 287 daAuts
     D:3: 244 daAuts
     D:5: 119 daAuts
     D:2: 73 daAuts
     D:6: 27 daAuts
